 Dungeon Crawl Stone Soup version 0.31-a0-460-g9e667d4245 (webtiles) character file.

Game seed: 18286668214472425772

116 Hubris850 the Chiller (level 5, -1/35 HPs)
             Began as a Merfolk Ice Elementalist on Aug 4, 2023.
             Slain by Pikel
             ... wielding a +1 whip of freezing
              (5 damage)
             ... on level 4 of the Dungeon.
             The game lasted 00:09:08 (2785 turns).

Hubris850 the Chiller (Merfolk Ice Elementalist)    Turns: 2785, Time: 00:09:09

Health: -1/35      AC:  9    Str:  8    XL:     5   Next: 0%
Magic:  7/9        EV: 12    Int: 23    God:
Gold:   153        SH:  5    Dex: 14    Spells: 2/9 levels left

rFire   . . .        k - +0 short sword
rCold   . . .        (no shield)
rNeg    . . .        r - +0 leather armour
rPois   .            (no helmet)
rElec   .            q - +0 cloak
rCorr   .            (no gloves)
SInv    .            (no boots)
Will    .....        g - amulet of reflection
Stlth   ++           f - +6 ring of intelligence
HPRegen 0.25/turn    (no ring)
MPRegen 0.11/turn

%: reflection
@: ice-armoured, freezing walls
A: (nimble swimmer 2), mertail
a: no special abilities


You were on level 4 of the Dungeon.
You visited 1 branch of the dungeon, and saw 4 of its levels.

You collected 233 gold pieces.
You spent 80 gold pieces at shops.

Inventory:

Hand Weapons
 d - a +0 dagger
 k - a +0 short sword (weapon)
Missiles
 i - 6 poisoned darts
Armour
 a - a +0 robe
 q - a +0 cloak (worn)
 r - a +0 leather armour (worn)
 y - a scarf of harm
Magical Staves
 n - a staff of earth
Jewellery
 f - a +6 ring of intelligence (left hand)
 g - an amulet of reflection (around neck)
Talismans
 w - a beast talisman
Scrolls
 c - a scroll of teleportation {unknown}
 e - 3 scrolls of identify {unknown}
 j - a scroll of fog {unknown}
 l - a scroll of poison {unknown}
 u - a scroll of vulnerability {unknown}
 v - a scroll of fear {unknown}
 x - a scroll of enchant weapon {unknown}
 z - a scroll of amnesia {unknown}
Potions
 h - a potion of curing {unknown}
 m - a potion of berserk rage {unknown}
 o - a potion of mutation
 p - 3 potions of enlightenment {unknown}
 s - a potion of brilliance {unknown}
 t - a potion of heal wounds


   Skills:
 + Level 2.1 Short Blades
 + Level 3.8 Dodging
 - Level 3.0 Stealth
 - Level 2.8 Spellcasting
 - Level 5.0 Ice Magic


You had 2 spell levels left.
You knew the following spells:

 Your Spells              Type           Power      Damage    Failure   Level
a - Freeze                Ice            100%       1d10      2%          1
b - Frozen Ramparts       Ice            52%        1d8       7%          3
c - Ozocubu's Armour      Ice            26%        N/A       7%          3

Your spell library contained the following spells:

 Spells                   Type           Power      Damage    Failure   Level
 Summon Ice Beast         Ice/Summ       14%        N/A       52%         4


Dungeon Overview and Level Annotations

Branches:
Dungeon (4/15)
 Temple: D:4-7

Altars:
Yredelemnul

Shops:
D:2 ?!=[

Annotations:
D:3 3 runed translucent doors, ytrimaz's ghost, amateur DsSh
D:4 Pikel


Innate Abilities, Weirdness & Mutations

((You are very nimble when in or above water. (Stealth+, EV+, Speed+++)))
Your lower body shifts to a powerful aquatic tail in water.


Message History

Confirm with . or Enter, or press ? or * to list all spells.
Aiming: Freeze (safe; 2% risk of failure)
Press: ? - help, Shift-Dir - straight line, f - Pikel
Aim: Pikel, wielding a +1 whip of freezing and wearing a +0 robe (moderately wounded)
You freeze Pikel.
Pikel is moderately wounded.
The frozen ramparts melt away.
Pikel hits you with a +1 whip of freezing!
Pikel freezes you.
Casting: Freeze (safe; 2% risk of failure)
Confirm with . or Enter, or press ? or * to list all spells.
You don't have enough magic to cast this spell.
Unknown command.
Magic courses through your body.
Pikel hits you with a +1 whip of freezing.
Pikel freezes you.
Casting: Freeze (safe; 2% risk of failure)
Confirm with . or Enter, or press ? or * to list all spells.
Casting: Frozen Ramparts (dangerous; 7% risk of failure)
Press: ? - help, Dir - look around, f - activate The walls around you are covered in ice.
The wall freezes Pikel but does no damage.
Pikel waves his whip at you. Pikel barely misses you.
Unknown command.
You hit Pikel.
Pikel is heavily wounded.
The wall freezes Pikel.
Pikel hits you with a +1 whip of freezing!
* * * LOW HITPOINT WARNING * * *
Pikel freezes you.
* * * LOW HITPOINT WARNING * * *
You closely miss Pikel.
Pikel is heavily wounded.
The wall freezes Pikel.
Pikel closely misses you.
You hit Pikel but do no damage.
Pikel is heavily wounded.
The wall freezes Pikel but does no damage.
Pikel hits you with a +1 whip of freezing.
You die...

#.#......#.....#
#.#......#.....#
#.#......#.....#
#.#......####..##
#.#......# ...#
#.#......# .#.#
#.#.###### #.#
#@# #K# #.# #.#
#.# #.. ###


You could see Pikel.

Vanquished Creatures
  4 adders
  3 worms (D:2)
  2 dart slugs
  8 ball pythons
  6 bats
  9 endoplasms
  6 giant cockroaches
  4 goblins
  4 hobgoblins
  5 jackals
  2 quokkas
  2 frilled lizards
  4 kobolds
  4 rats
63 creatures vanquished.

Notes
Turn   | Place    | Note
-------+----------+-------------------------------------------
     0 | D:1      | Hubris850 the Merfolk Ice Elementalist began the quest for
                  | the Orb.
     0 | D:1      | Reached XP level 1. HP: 13/13 MP: 3/3
   157 | D:1      | Reached XP level 2. HP: 19/19 MP: 3/5
   557 | D:1      | Reached XP level 3. HP: 24/24 MP: 4/6
   582 | D:1      | Reached skill level 1 in Short Blades
   890 | D:2      | Found a basalt altar of Yredelemnul.
  1033 | D:2      | Found Fiocw's Distillery.
  1061 | D:2      | Bought a potion of mutation for 80 gold pieces
  1170 | D:2      | Reached XP level 4. HP: 30/30 MP: 0/7
  1354 | D:2      | Learned a level 3 spell: Frozen Ramparts
  1358 | D:2      | Learned a level 3 spell: Ozocubu's Armour
  1385 | D:2      | Found Tuybbuff's Magic Scroll Emporium.
  1486 | D:2      | Found Quafam's Armour Emporium.
  1580 | D:2      | Found Nuimen's Jewellery Shop.
  1880 | D:3      | Found a runed translucent gate.
  1897 | D:3      | Found a runed translucent gate.
  1897 | D:3      | Found a runed translucent gate.
  1898 | D:3      | Noticed ytrimaz's ghost (amateur DsSh)
  2307 | D:3      | Reached skill level 5 in Ice Magic
  2732 | D:4      | Reached XP level 5. HP: 29/35 MP: 6/9
  2769 | D:4      | Noticed Pikel
  2785 | D:4      | Slain by Pikel

Illustrated notes

Levels and vault maps discovered:
D:1:      amcnicky_arrival_wind_blow, layout_basic
D:2:      layout_basic, basic_altar, serial_shops, shop,
          nicolae_shop_pleasant_corner_grove, nicolae_shop_behind_doors,
          nicolae_shop_tiny_statue_garden, minmay_circle_x
D:3:      layout_basic, ebering_ghost_rock_garden
D:4:      layout_basic, mainiacjoe_overflow_small_starburst,
          lemuel_doored_altar, uniq_pikel, uniq_blork_the_orc

Skill      XL: |  1  2  3  4 |
---------------+-------------+-----
Dodging        | 3 |  3.8
Short Blades   | 1 2 |  2.1
Stealth        | 3 |  3.0
Ice Magic      | 5 |  5.0
Spellcasting   | |  2.8

Action                     |  1- 3 |  4- 6 || total
---------------------------+-------+-------++-------
  Melee: Dagger            |    61 |       ||    61
         Short sword       |    38 |    68 ||   106
         Punch             |       |     1 ||     1
   Cast: Freeze            |    21 |    23 ||    44
         Frozen Ramparts   |       |     2 ||     2
         Ozocubu's Armour  |       |     1 ||     1
    Use: Potion            |       |     2 ||     2
   Stab: Sleeping          |     8 |     6 ||    14
 Armour: Robe              |    12 |       ||    12
         Leather armour    |       |    15 ||    15
  Dodge: Dodged            |    65 |    29 ||    94
  Block: Other             |    21 |    11 ||    32

Table legend: (Time is in decaauts)
 A = Elapsed time spent in this place.
 B = Non-inter-level travel time spent in this place.
 C = Inter-level travel time spent in this place.
 D = Time resting spent in this place.
 E = Time spent auto-exploring this place.
 F = Levels seen in this place.
 G = Mean time per level.
                   A        B        C        D        E       F      G
               +--------+--------+--------+--------+--------+-----+--------+
         Total |   2771 |   2688 |     83 |     77 |   2027 |   4 |  692.8 |
       Dungeon |   2771 |   2688 |     83 |     77 |   2027 |   4 |  692.8 |
               +--------+--------+--------+--------+--------+-----+--------+

Top non-repeatable levels by time:
     D:2: 1053 daAuts
     D:3: 816 daAuts
     D:1: 788 daAuts
     D:4: 113 daAuts
